[Event "MČR v bleskovém šachu družstev 2019"]
[Site "Teplice, Czech Republic"]
[Date "2019.09.14"]
[Round "10.3"]
[White "Stocek, Jiri"]
[Black "Chmel, Kristian"]
[Result "1-0"]
[TimeControl "3 mim. + 2 s"]
[WhiteTitle "GM"]
[WhiteFideId "304760"]
[BlackFideId "344281"]
[WhiteElo "2505"]
[BlackElo "2097"]

1. e4 e5 2. Bc4 Nf6 3. d3 c6 4. Nf3 d5 5. Bb3 Bd6 6. exd5 cxd5 7. Bg5 h6 8. Bxf6 Qxf6 9. Nc3 d4 10.
Ne4 Qe7 11. Nxd6+ Qxd6 12. O-O O-O 13. Re1 Nc6 14. Ba4 Bg4 15. h3 Bh5 16. g4 Bg6 17. Bxc6 bxc6 18. Nxe5 Bh7 19. Qf3 Rac8 20.
Nc4 Qd7 21. Qf4 Rcd8 22. Re2 f5 23. g5 hxg5 24. Qxg5 Rf6 25. Ne5 Qd6 26. Rae1 f4 27.
Ng4 Rdf8 28. Nxf6+ Qxf6 29. Qxf6 Rxf6 30. Re8+ Kf7 31. R1e7+ Kg6 32. Re6 Kg5 33. Rxf6 Kxf6 34. Rc8 1-0

[Event "MČR v bleskovém šachu družstev 2019"]
[Site "Teplice, Czech Republic"]
[Date "2019.09.14"]
[Round "10.4"]
[White "Routner, Jakub"]
[Black "Vymazal, Bronislav"]
[Result "1/2-1/2"]
[TimeControl "3 mim. + 2 s"]
[WhiteFideId "322245"]
[BlackFideId "318396"]
[WhiteElo "2138"]
[BlackElo "2309"]

1. e4 b6 2. Nf3 Bb7 3. Nc3 e6 4. d3 c5 5. g3 g6 6.
Bg2 Bg7 7. Be3 Nc6 8. Qd2 Nd4 9.
O-O Ne7 10. Nd1 Nxf3+ 11. Bxf3 O-O 12. Bh6 f5 13. Bg2 e5 14. Bxg7 Kxg7 15. exf5 Bxg2 16. Kxg2 Nxf5 17. Ne3 Qg5 18.
Nxf5+ Qxf5 19. f4 exf4 20. Rxf4 Qd5+ 21. Kg1 Rxf4 22. Qxf4 Rf8 23. Qe4 Qxe4 24. dxe4 Re8 25. Rd1 Re7 26. Kf2 Kf6 27. Kf3 Ke5 28.
Rd5+ Ke6 29. Rd3 Rf7+ 30. Ke2 d6 31. Rd5 h6 32. h3 b5 33. c3 a5 34. Rd3 g5 35. Rf3 Rxf3 36. Kxf3 Ke5 37. g4 d5 38. exd5 Kxd5 39.
Ke3 Ke5 40. Kf3 b4 41. Ke3 Kd5 42.
Kd3 c4+ 43. Ke3 bxc3 44. bxc3 Ke5 45. a4 Kd5 46. Kf3 Ke5 1/2-1/2

[Event "MČR v bleskovém šachu družstev 2019"]
[Site "Teplice, Czech Republic"]
[Date "2019.09.14"]
[Round "10.5"]
[White "Vykouk, Jan"]
[Black "Bernasek, Jan"]
[Result "1-0"]
[TimeControl "3 mim. + 2 s"]
[WhiteTitle "IM"]
[BlackTitle "GM"]
[BlackFideId "311995"]
[WhiteElo "2439"]
[BlackElo "2526"]

1. e4 c5 2. Nf3 e6 3. d4 cxd4 4. Nxd4 a6 5. Bd3 Bc5 6. Nb3 Be7 7. O-O d6 8. c4 Nf6 9. Nc3 O-O 10. Be3 Nbd7 11. f4 b6 12. g4 Nc5 13. Nxc5 bxc5 14.
g5 Nd7 15. Qh5 g6 16. Qh6 Re8 17. Rae1 Bf8 18. Qh3 Bg7 19. f5 Ne5 20. Bb1 Nxc4 21. f6 Nxe3 22. Rxe3 Bf8 23. e5 d5 24. Qh4 Qc7 25. Rf4 h6 26.
Bxg6 d4 27. Bxf7+ Qxf7 28. g6 Qxg6+ 29. Rg3 Qxg3+ 30. Qxg3+ Kf7 31. Ne4 Bb7 32. Nd6+ 1-0

[Event "MČR v bleskovém šachu družstev 2019"]
[Site "Teplice, Czech Republic"]
[Date "2019.09.14"]
[Round "10.6"]
[White "Cernousek, Lukas"]
[Black "Studnicka, Tomas"]
[Result "0-1"]
[TimeControl "3 mim. + 2 s"]
[WhiteTitle "IM"]
[BlackTitle "IM"]
[WhiteFideId "311707"]
[WhiteElo "2473"]
[BlackElo "2215"]

1. Nf3 c5 2. e3 Nc6 3. d4 cxd4 4.
exd4 d5 5. c4 Nf6 6. Nc3 g6 7. cxd5 Nxd5 8. Qb3 Nxc3 9. Bc4 Nd5 10.
Bxd5 e6 11. Bxc6+ bxc6 12. O-O Bg7 13. Qa3 Qe7 14. Qc3 Bb7 15. Bg5 Qd6 16. Rfd1 O-O 17.
Rac1 Qd5 18. a3 Rfc8 19. Be7 a5 20. Qe3 a4 21. Bb4 Re8 22. Rc5 Qa2 23. Qc3 Rad8 24. Ne5 Rd5 25. h4 Bxe5 26.
Rxd5 Qxd5 0-1

[Event "MČR v bleskovém šachu družstev 2019"]
[Site "Teplice, Czech Republic"]
[Date "2019.09.14"]
[Round "10.7"]
[White "Cech, Pavel"]
[Black "Vrbata, Zbynek"]
[Result "0-1"]
[TimeControl "3 mim. + 2 s"]
[WhiteTitle "IM"]
[BlackTitle "FM"]
[BlackFideId "301256"]
[WhiteElo "2387"]
[BlackElo "2324"]

1. e4 e6 2. d4 d5 3.
Nd2 Nf6 4. e5 Nfd7 5. Bd3 c5 6. c3 Nc6 7. Ngf3 g6 8. h4 h6 9. h5 g5 10. dxc5 Ndxe5 11. Bb5 Qc7 12. b4 Bg7 13. O-O O-O 14.
Nd4 a6 15. Be2 b6 16. cxb6 Qxb6 17. N2b3 Nc4 18. Nxc6 Qxc6 19. Nd4 Qb6 20. Kh1 e5 21. Nb3 Bb7 22. Nc5 Bc6 23. Bxc4 dxc4 24. Qe2 a5 25. Be3 Qc7 26. a4 Rad8 27. Qxc4 Kh8 28. b5 Ba8 29. Qe2 Qc8 30. Kg1 f5 31. f3 g4 32. fxg4 f4 33. Bf2 f3 34. Qc4 fxg2 35. Rfd1 Rde8 36. g5 Qh3 0-1

[Event "MČR v bleskovém šachu družstev 2019"]
[Site "Teplice, Czech Republic"]
[Date "2019.09.14"]
[Round "10.8"]
[White "Kuba, Jindrich"]
[Black "Sodoma, Jan"]
[Result "0-1"]
[TimeControl "3 mim. + 2 s"]
[WhiteTitle "FM"]
[BlackTitle "IM"]
[WhiteFideId "318248"]
[WhiteElo "2223"]
[BlackElo "2193"]

1. e4 e5 2. Nf3 Nc6 3.
Bb5 a6 4. Ba4 Nf6 5. O-O Be7 6. Re1 b5 7. Bb3 d6 8. c3 O-O 9. h3 Na5 10. Bc2 c5 11. d4 Qc7 12. Nbd2 cxd4 13. cxd4 Rd8 14. Nf1 exd4 15. Nxd4 d5 16.
e5 Ne4 17. Nf3 Bf5 18. Ne3 Be6 19. b3 Rac8 20. Bb2 Bb4 21. Rf1 Nc3 22. Qd3 g6 23. Rac1 d4 24. Nxd4 Rxd4 25. Qxd4 Ne2+ 26.
Kh1 Nxd4 27. Bxd4 Bd2 28. Rcd1 Bxe3 29.
Bxe3 Qxc2 30. Rc1 Qxa2 31. Rxc8+ Bxc8 32. Rd1 Nc6 33. Rc1 Bd7 34. Rd1 Be8 35. Kh2 Qxb3 36. Rc1 a5 0-1

[Event "MČR v bleskovém šachu družstev 2019"]
[Site "Teplice, Czech Republic"]
[Date "2019.09.14"]
[Round "10.9"]
[White "Jirovsky, Milos"]
[Black "Krejci, Jan"]
[Result "1-0"]
[TimeControl "3 mim. + 2 s"]
[WhiteTitle "GM"]
[BlackTitle "GM"]
[WhiteFideId "303224"]
[BlackFideId "322156"]
[WhiteElo "2499"]
[BlackElo "2527"]

1. Nf3 Nf6 2. c4 e6 3. g3 d5 4. Bg2 a6 5. b3 b5 6. O-O Bb7 7. Bb2 Be7 8. cxd5 exd5 9. d4 O-O 10. Nbd2 Nbd7 11. Rc1 c5
12. dxc5 Bxc5 13. Ne5 Rc8 14. Nxd7 Nxd7 15. Nf3 Re8 16. Bh3 Rc7 17. Qd3 Nf6 18. Be5 Bd6 19. Rxc7 Bxc7 20. Bxc7 Qxc7 21. Nd4 Bc8 22. Bg2 Bg4 23. h3 Bh5 24. a4 Bg6 25. Qd2 bxa4 26. bxa4 Be4 27. Rc1 Qd7 28. a5 Bxg2 29. Kxg2 g6 30. Qf4 Kg7 31. Rc7 Qd8 32. Rc6 Re4 33. Nf5+ Kg8 34. Qg5 Re6 35. Rxe6 fxe6 36. Nd4 Kf7 37. Qe5 Qe7 38. Qb8 Nd7 39. Qc7 Nf6 40. Qb6 e5 41. Nc6 Qe6 42. Nd8+ 1-0

[Event "MČR v bleskovém šachu družstev 2019"]
[Site "Teplice, Czech Republic"]
[Date "2019.09.14"]
[Round "10.10"]
[White "Sorm, Daniel"]
[Black "Sokolov, Alexander"]
[Result "0-1"]
[TimeControl "3 mim. + 2 s"]
[WhiteTitle "FM"]
[BlackTitle "FM"]
[WhiteFideId "5400139"]
[BlackFideId "4119177"]
[WhiteElo "2310"]
[BlackElo "2417"]

1. d4 Nf6 2. c4 g6 3. Nc3 Bg7 4. e4 d6 5. h3 O-O 6. Bg5 h6 7.
Be3 e5 8. d5 a5 9. Bd3 Na6 10. Qd2 Kh7 11.
g4 Nd7 12. O-O-O Ndc5 13. Bb1 Nb4 14. Nge2 Bd7 15. f3 Qb8 16. h4 b5 17. Bxc5 dxc5 18. Nxb5 Bxb5 19. cxb5 Qxb5 20. Nc3 Qb6 21.
h5 Kg8 22. Rdg1 Qf6 23. g5 hxg5 24. h6 Bh8 25. h7+ Kg7 26. Rg4 Qxf3 27. Qxg5 Qxh1+ 28. Rg1 Qh6 0-1

[Event "MČR v bleskovém šachu družstev 2019"]
[Site "Teplice, Czech Republic"]
[Date "2019.09.14"]
[Round "10.12"]
[White "Krejci, Jan"]
[Black "Postupa, Pavel"]
[Result "0-1"]
[TimeControl "3 mim. + 2 s"]
[WhiteFideId "316873"]
[BlackFideId "326410"]
[WhiteElo "2048"]
[BlackElo "2184"]

1. Nf3 Nf6 2. c4 g6 3. b3 Bg7 4. Bb2 c5 5. g3 O-O 6. Bg2 Nc6 7. O-O b6 8. e3 Bb7 9. d4 cxd4 10.
Nxd4 Rc8 11. Nc3 d6 12. Ncb5 a6 13. Nxc6 Bxc6 14. Nd4 Bxg2 15. Kxg2 Qc7 16. Rb1 Rfd8 17. Qf3 Nd7 18. Kg1 Ne5 19.
Qe2 h5 20. h4 Ng4 21. Nf3 Bxb2 22. Rxb2 d5 23. Rc2 a5 24. Rfc1 Qd6 25. Rd1 Qf6 26. Rcd2 e6 27. cxd5 exd5 28.
Rxd5 Rxd5 29. Rxd5 Rc1+ 30. Rd1 Qa1 31.
Rxc1 Qxc1+ 32. Kg2 Kg7 33. Qd2 Qc6 34. Qd4+ f6 35. e4 b5 36. Qd3 a4 37. bxa4 bxa4 38. a3 Qb7 39. Nd2 Qa7 40. Qe2 Qd4 41. Nc4 Nxf2 42.
Qxf2 Qxe4+ 43. Kh2 Qxc4 44. Qa7+ Kh6 45. Qe3+ Kh7 46. Qe7+ Kh6 47. Qe3+ Kg7 48. Qa7+ Kf8 49. Qb8+ Ke7 50.
Qb7+ Ke6 51. Qb6+ Ke5 52. Qb8+ Kd4 53. Qf4+ Kd3 54. Qxf6 Qc2+ 55.
Kh3 Qc8 56. Kh2 Qc2+ 57. Kg1 Qd1+ 58. Kh2 Qe2+ 59. Kh3 Qe4 60. Qd8+ Ke2 61. Qd6 Qh1+ 0-1

[Event "MČR v bleskovém šachu družstev 2019"]
[Site "Teplice, Czech Republic"]
[Date "2019.09.14"]
[Round "10.13"]
[White "Rubes, Jan"]
[Black "Vojta, Tomas"]
[Result "1-0"]
[TimeControl "3 mim. + 2 s"]
[WhiteTitle "FM"]
[BlackTitle "FM"]
[WhiteFideId "338176"]
[BlackFideId "308781"]
[WhiteElo "2316"]
[BlackElo "2353"]

1. Nf3 Nc6 2. c4 e5 3. Nc3 Nf6 4.
e4 Bc5 5. Nxe5 Bxf2+ 6. Kxf2 Nxe5 7. d4 Nc6 8. e5 Ng8 9. Qg4 Kf8 10. Qe4 d6 11.
Be3 f5 12. Qf4 dxe5 13. dxe5 Be6 14. Rd1 Qe8 15. Be2 Nge7 16. Rhf1 Ng6 17. Bc5+ Kg8 18. Qd2 Ncxe5 19. Kg1 h6 20. Bh5 Qc6 21. Bd4 Kh7 22.
Qe3 Bxc4 23. Rxf5 Nd3 24. Rxd3 Bxd3 25. Qxd3 Rad8 26. Rf3 Rhf8 27. Bxg6+ Qxg6 28. Qxg6+ Kxg6 29. Rg3+ Kf5 30.
Bxg7 Rfe8 31. h3 Rd2 32. Bxh6 Rxb2 33. Bg7 Rc2 34. Kh2 c6 35. Bd4 b6 36. Rf3+ Kg6 37. h4 c5 38. Bf2 a6 39. Nd5 Rxa2 40.
g4 Ree2 41. Nf4+ Kh6 42. Nxe2 Rxe2 43. Kg3 a5 44. Rf6+ Kg7 45. Rxb6 Rc2 46. Ra6 Ra2 47.
Bxc5 a4 48. h5 Rc2 49. Bd4+ Kh7 50. Rxa4 Rc6 51. g5 Kg8 52. h6 Kh7 53. Ra7+ Kg6 54. Rg7+ Kh5 55. h7 Rc3+ 56. Kf2 Rc2+ 57. Ke1 Rc1+ 58. Kd2 Rc8 59.
Rg8 1-0

[Event "MČR v bleskovém šachu družstev 2019"]
[Site "Teplice, Czech Republic"]
[Date "2019.09.14"]
[Round "10.15"]
[White "Kral, David"]
[Black "Svanda, Ondrej"]
[Result "1-0"]
[TimeControl "3 mim. + 2 s"]
[BlackTitle "FM"]
[WhiteFideId "326097"]
[BlackFideId "359670"]
[WhiteElo "2028"]
[BlackElo "1924"]

1. e4 c5 2. b4 cxb4 3. a3
d5 4. exd5 Qxd5 5. Bb2 e5 6. Nf3 Nc6 7. axb4 Bxb4 8. Na3 Nge7 9. Nb5 O-O 10. Be2 Bd6 11. c4 Qc5 12. Ba3 Nb4 13. Qb3 a5 14.
Nxd6 Qxd6 15. Bxb4 Qb6 16.
c5 Qg6 17. Rxa5 Be6 18. Qb2 e4 19. Nh4 Qg5 20. g3 Rxa5 21. Bxa5 Nc6 22. Bc3 f6 23. O-O Qxc5 24. Ng2 b6 25. Nf4 Bf7 26. Qb5 Qd6 27. Qxb6 Rb8 28. Qe3 g5 29. Ng2 Bg6 30. f3 exf3 31. Qxf3 f5 32. Bc4+ Kf8 33. Ne3 Qc5 34. Qd5 Qxd5 35. Nxd5 Rc8 36.
Ne3 Ke8 37. Bb5 Ke7 38.
Bxc6 Rxc6 39. Nxf5+ Kd7 40. Nd4 Ra6 41. Kg2 Be4+ 42. Kf2 Rf6+ 43. Ke1 Ra6 44. Rf7+ Ke8 45. Rc7 Rb6 46. Kf2 Rb1 47. Ke3 Bg6 48. Ne2 Rh1 49. Kd4 Rxh2 50. Nc1 Rg2 51. Ke5 Rxg3 52. Kf6 Kd8 53. Ra7 g4 54. Ne2 Rf3+ 55. Kg5 Rf2 56. Nf4 h6+ 57. Kxg6 Rxf4 58. Kxh6 Rf3 59. Rg7 g3 60. Kh5 Ke8 61. Kh4 Kf8 62. Rxg3 Rf4+ 63.
Rg4 Rf3 64. Kg5 Rd3 65. Rf4+ Ke7 66. Kf5 Kd6 67. Rd4+ 1-0

[Event "MČR v bleskovém šachu družstev 2019"]
[Site "Teplice, Czech Republic"]
[Date "2019.09.14"]
[Round "10.16"]
[White "Vavra, Michal"]
[Black "Krutsky, Martin"]
[Result "1-0"]
[TimeControl "3 mim. + 2 s"]
[WhiteFideId "306398"]
[BlackFideId "361526"]
[WhiteElo "2026"]
[BlackElo "1974"]

1. Nf3 Nf6 2. d4 g6 3. g3 Bg7 4. Bg2 O-O 5. O-O d6 6. c4 Nc6 7. Nc3 a6 8. e4 Rb8 9. a4 e5 10. dxe5 Nxe5 11. Nxe5 dxe5 12. Qxd8 Rxd8 13.
Bg5 Rd4 14. Rad1 c6 15. Rxd4 exd4 16. Rd1 Nd7 17. Ne2 c5 18. b4 b6 19. Bf4 Be5 20. Bh3 Bxf4 21. Nxf4 Ne5 22. Bxc8 1-0

[Event "MČR v bleskovém šachu družstev 2019"]
[Site "Teplice, Czech Republic"]
[Date "2019.09.14"]
[Round "10.17"]
[White "Bach, Markus"]
[Black "Trepka, Jan"]
[Result "1-0"]
[TimeControl "3 mim. + 2 s"]
[WhiteFideId "24603376"]
[BlackFideId "322814"]
[WhiteElo "2259"]
[BlackElo "2186"]

1. d4 Nf6 2. Nf3 b6 3.
g3 Bb7 4. Bg2 e6 5. O-O Be7 6. c4 O-O 7. Nc3 d5 8. cxd5 Nxd5 9. a3 c5 10. dxc5 Nxc3 11. bxc3 Bxc5 12. Bf4 Qe7 13.
Qc2 h6 14. a4 a5 15. Rad1 Nc6 16. Rd2 Rfd8 17. Rfd1 g5 18. Rxd8+ Rxd8 19. Bc1 Rd6 20. h4 g4 21. Nh2 h5 22. Nf1 Qd7 23. Rxd6 Qxd6 24. Bh6 Qe5 25. Qd2 Qf6 26. Ne3 Nd8 27.
Bg5 Bxe3 28. Qxe3 Qf5 29. Bxd8 Bxg2 30. Bxb6 Bd5 31. Qg5+ Qxg5 32. hxg5 Bb3 33. Bxa5 Bxa4 34. f4 gxf3 35. exf3 Bd1 36. f4 Bf3 37. Kf2 Bd5 38. Ke3 Kf8 39.
Kd4 Ke8 40. Kc5 Kd7 41.
Kb6 Kc8 42. Bb4 Be4 43. Be7 Bg6 44. Kc5 Kc7 45. c4 Kc8 46.
Kb5 Kc7 47. c5 Be4 48. Bd6+ Kc8 49. Kb6 Bd5 50. Be5 Be4 51.
c6 Bd5 52. Kc5 Be4 53. Kd6 Bf5 54. Ke7 Bg6 55. c7 h4 56. gxh4 Bh5 57. Kf6 Kd7 58.
Kg7 Kc8 59. Kh6 Bg6 60. h5 Bf5 61. g6 fxg6 62. hxg6 1-0

[Event "MČR v bleskovém šachu družstev 2019"]
[Site "Teplice, Czech Republic"]
[Date "2019.09.14"]
[Round "10.18"]
[White "Ruzicka, Ales"]
[Black "Buchcar, Tomas"]
[Result "0-1"]
[TimeControl "3 mim. + 2 s"]
[WhiteFideId "325252"]
[BlackFideId "328421"]
[WhiteElo "2102"]
[BlackElo "2145"]

1. e4 c6 2. d4 d5 3. Nc3 dxe4 4. Nxe4 Nd7 5. Nf3 Ngf6 6. Nxf6+ Nxf6 7. h3 Bf5 8. Bd3 Bxd3 9. Qxd3 e6 10. Bd2 Qd5 11. O-O Bd6 12.
Rfe1 O-O 13. c4 Qh5 14. Bc3 Rad8 15. Rad1 Bb8 16. Qe2 Rfe8 17. Ne5 Bxe5 18. Qxe5 Qxe5 19. Rxe5 Rd7 20. Rde1 Red8 21.
a4 h6 22. a5 Ne8 23. b4 Nd6 24. Rc5 Nf5 25. b5 cxb5 26. Rxb5 Rc7 27. c5 Nxd4 28. Bxd4 Rxd4 29. Reb1 Rdd7 30. a6 bxa6 31. Ra5 Rd5 32. Rxa6 Rdxc5 33. Rba1 Rc1+ 34. Rxc1 Rxc1+ 35. Kh2 Rc7 36. Kg3 Kf8 37. Kf4 Ke7 38. Ke5 Rb7 39. f4 Kd7 40. g4 Kc7 41. f5 exf5 42. gxf5 Rb5+ 43. Kf4 Kb7 44. Rd6 Rc5 45. f6 g5+ 46. Kg4 Kc7 47. Ra6 Kb7 48. Rd6 a5 49. Rd7+ Rc7 50. Rd5 Kb6 51. Kh5 a4 52. Kxh6 a3 53. Rd2 Rc3 54. Kxg5 Rxh3 55.
Kg4 Rb3 56. Ra2 Kc5 57. Kf4 Kb4 58.
Ke4 Rh3 59. Kd4 Kb3 60. Rg2 Rf3 61.
Rg8 Rxf6 62. Rb8+ Kc2 63. Rc8+ Kd2 64. Ra8 Rf3 65. Ke4 Rb3 66. Ra7 Kc2 67.
Rxf7 a2 68. Rf2+ Kb1 69. Rf1+ Kb2 70. Rf2+ Ka3 71. Kd4 0-1

[Event "MČR v bleskovém šachu družstev 2019"]
[Site "Teplice, Czech Republic"]
[Date "2019.09.14"]
[Round "10.19"]
[White "Tresnak, Filip"]
[Black "Loskot, Petr"]
[Result "1-0"]
[TimeControl "3 mim. + 2 s"]
[WhiteFideId "333905"]
[BlackFideId "319570"]
[WhiteElo "1931"]
[BlackElo "2010"]

1. e4 e6 2. d4 d5 3. Nc3 Nf6 4. Bg5 Bb4 5. e5 h6 6. exf6 hxg5 7. fxg7 Rg8 8. Qh5 Qf6 9. Nf3 Qxg7 10. h4 gxh4 11. Rxh4 Nc6 12. O-O-O Bd7 13. Bd3 O-O-O 14. Rf4 Rdf8 15.
Ne1 Rh8 16. Qg4 Qxg4 17. Rxg4 Rfg8 18. Rxg8+ Rxg8 19. a3 Bd6 20. Be2 Bf4+ 21. Kb1 a6 22. g3 Bd6 23. Bh5 Rg7 24. Ne2 f6 25. f4 Ne7 26. Nd3 b6 27.
b4 Nf5 28. g4 Ne3 29. Rg1 Nc4 30. Ka2 Ba4 31. Ne1 Kd7 32. g5 Ne3 33. Kb2 fxg5 34. fxg5 Bb5 35. Nd3 Nf5 36. Ndf4 Bxe2 37. Nxe2 c5 38. dxc5 bxc5 39. bxc5 Bxc5 40. Rg4 Kc6 41. Nf4 Kd6 42. Nd3 Bd4+ 43. c3 Rb7+ 44. Kc2 Rc7 45. Kd2 Rxc3 46. Rxd4 Rxa3 47. Rb4 Ra2+ 48. Kc3 e5 49. Rb6+ Kc7 50. Rf6 Nd4 51. Nxe5 Nb5+ 52. Kb3 Ra3+ 53. Kb2 Rh3 54. Bg4 Rh2+ 55. Kb3 Nd4+ 56. Kc3 Nc6 57. Rxc6+ 1-0

[Event "MČR v bleskovém šachu družstev 2019"]
[Site "Teplice, Czech Republic"]
[Date "2019.09.14"]
[Round "10.21"]
[White "Sprenar, Petr"]
[Black "Babicka, Michal"]
[Result "1/2-1/2"]
[TimeControl "3 mim. + 2 s"]
[WhiteFideId "397164"]
[WhiteElo "2173"]
[BlackElo "2076"]

1. d4 Nf6 2. c4 g6 3. g3 Bg7 4. Bg2 O-O 5. Nc3 d6 6.
Nf3 c5 7. O-O Nbd7 8. b3 Rb8 9. Bb2 a6 10. dxc5 Nxc5 11.
Nd4 Bd7 12. Nc2 Bc6 13. Ne3 Bxg2 14. Kxg2 Nfe4 15. Qc2 Nxc3 16. Bxc3 b5 17. Bxg7 Kxg7 18. h4 bxc4 19. Qxc4 a5 20.
h5 Rb4 21. Qc3+ f6 22. Nc4 Qa8+ 23. f3 d5 24. Nb6 Rxb6 25. Qxc5 Rd6 26. Rac1 Rfd8 27. Rfd1 Qa6 28. Rd3 R8d7 29.
Rcd1 e5 30. hxg6 hxg6 31. a3 Rc6 32. Qe3 d4 33. Qd2 Rdc7 34. f4 Rc2 35. Qe1 e4 36. R3d2 Qb5 37. Rxc2 Rxc2 38. Rd2 Qxb3 39.
Rxd4 Qe3 40. Rd7+ Kg8 41. Rd8+ Kf7 42. Kf1 Rc1 43.
Rd1 Rxd1 44. Qxd1 Qxg3 45. Qd7+ Kg8 46. Qe6+ Kg7 47. Qxe4 Qxa3 48. Qb7+ Kg8 49. Qd5+ Kg7 50. Qb7+ Kf8 51. Qc8+ Kf7 1/2-1/2

[Event "MČR v bleskovém šachu družstev 2019"]
[Site "Teplice, Czech Republic"]
[Date "2019.09.14"]
[Round "10.22"]
[White "Mach, Petr"]
[Black "Lorenc, Tomas"]
[Result "1-0"]
[TimeControl "3 mim. + 2 s"]
[BlackFideId "313203"]
[WhiteElo "1961"]
[BlackElo "2094"]

1. Nf3 Nf6 2. c4 g6 3. Nc3 Bg7 4. d4 c5 5. g3 O-O 6. Bg2 d6 7. dxc5 dxc5 8. O-O Nc6 9. Qxd8 Rxd8 10. Be3 Nd4 11. Rfd1 Be6 12. Nxd4 cxd4 13. Bxd4 Bxc4 14.
b3 Be6 15. Bxb7 Rab8 16. Bf3 Rbc8 17.
Rac1 Bh6 18. e3 Bg7 19. Ne4 Nxe4 20. Rxc8 Rxc8 21. Bxe4 Bxd4 22. Rxd4 Bh3 23. Rd1 f5 24. Bg2 Bg4 25.
f3 Bh5 26. Rd2 Kf7 27. Kf2 g5 28. f4 g4 29. Bd5+ Kf6 30.
Bc4 Rc7 31. Rd8 Bg6 32. Rf8+ Kg7 33. Rd8 Kf6 34. Rd4 Be8 35. a4 Bc6 36. Bd5 Bxd5 37. Rxd5 Rc2+ 38. Kg1 Re2 39. Re5 a6 40. b4 e6 41. b5 a5 42. b6 Re1+ 43. Kf2 Rc1 44. b7 1-0

[Event "MČR v bleskovém šachu družstev 2019"]
[Site "Teplice, Czech Republic"]
[Date "2019.09.14"]
[Round "10.23"]
[White "Spicka, Jan"]
[Black "Kovar, Vojtech"]
[Result "0-1"]
[TimeControl "3 mim. + 2 s"]
[WhiteFideId "366781"]
[WhiteElo "1930"]
[BlackElo "2247"]

1. e4 c6 2. d4 d5 3. exd5 cxd5 4.
c4 Nf6 5. Nc3 g6 6. Be3 Bg7 7. Nf3 O-O 8. Be2 Nc6 9. O-O dxc4 10. Bxc4 Bg4 11. Be2 Nd5 12. Qd2 Nxe3 13. fxe3 Rc8 14. Rac1 Qa5 15. a3 Rfd8 16. Ne4 Qxd2 17. Nexd2 e5 18. Bb5 exd4 19. Bxc6 bxc6 20. exd4 Bh6 21. Rc3 c5 22.
Ne4 Bg7 23. Nxc5 Bxf3 24. gxf3 Bxd4+ 25. Kg2 Bxc3 26. bxc3 Rd2+ 27. Kg3 Rxc5 0-1

[Event "MČR v bleskovém šachu družstev 2019"]
[Site "Teplice, Czech Republic"]
[Date "2019.09.14"]
[Round "10.24"]
[White "Ocelak, Jakub"]
[Black "Srba, Stanislav"]
[Result "1-0"]
[TimeControl "3 mim. + 2 s"]
[BlackFideId "364720"]
[WhiteElo "1705"]
[BlackElo "1883"]

1. e4 e6 2. Nf3 d5 3. e5 c5 4.
b4 cxb4 5. a3 Nc6 6. axb4 Bxb4 7. c3 Bc5 8.
d4 Be7 9. Ba3 Nh6 10. Bd3 Bd7 11. O-O O-O 12. Bxe7 Qxe7 13. Na3 a6 14. Qc2 g6 15. Qd2 Kg7 16. Rfb1 Rab8 17. Nc2 Rfc8 18.
Nb4 Nxb4 19. cxb4 Rc7 20. b5 axb5 21. Bxb5 Rbc8 22. Bxd7 Qxd7 23. Qg5 Nf5 24. g4 Ne7 25. Qf6+ Kg8 26.
Ng5 Nc6 27. Nf3 Qe7 28. Qf4 Kg7 29. g5 Nb8 30. h4 Rc2 31. Ra7 R8c7 32. Kg2 Na6 33. Ra8 Nb4 34. Rxb4 Rc8 35. Rxc8 Rxc8 36.
Qf6+ Qxf6 37. exf6+ Kf8 38. Rxb7 Rc4 39. Rb8+ 1-0

[Event "MČR v bleskovém šachu družstev 2019"]
[Site "Teplice, Czech Republic"]
[Date "2019.09.14"]
[Round "10.25"]
[White "Bujak, Michal"]
[Black "Liska, Jiri"]
[Result "0-1"]
[TimeControl "3 mim. + 2 s"]
[BlackTitle "FM"]
[WhiteFideId "316318"]
[WhiteElo "2120"]
[BlackElo "2241"]

1. e4 c5 2. Nf3 Nc6 3.
d4 cxd4 4. Nxd4 Nf6 5. Nc3 e5 6. Ndb5 d6 7. a4 Be7 8. Bg5 a6 9. Bxf6 gxf6 10. Na3 f5 11. Qh5 Nd4 12. Bc4 O-O 13. O-O-O Be6 14. exf5 Bg5+ 15.
Kb1 Bxf5 16. h4 b5 17. hxg5 bxc4 18. Nd5 Bg6 19. Qh6 Nf5 20. Qh3 Qxg5 21. Nxc4 Rab8 22. Nde3 Nd4 23. Rd2 Rfc8 24.
Rhd1 Rc6 25. Rxd4 exd4 26. Rxd4 Re8 27. Qd7 Rec8 28. Rxd6 Rxc4 29. Nxc4 Rxc4 30. Rd2 0-1

[Event "MČR v bleskovém šachu družstev 2019"]
[Site "Teplice, Czech Republic"]
[Date "2019.09.14"]
[Round "10.26"]
[White "Vltavsky, Vladimir"]
[Black "Sott, Pavel"]
[Result "1-0"]
[TimeControl "3 mim. + 2 s"]
[BlackFideId "311910"]
[WhiteElo "2252"]
[BlackElo "2167"]

1. e4 c5 2. Nf3 Nc6 3. c3 d5 4. exd5 Qxd5 5. d4 Bg4 6. Be2 cxd4 7. cxd4 e6 8. Nc3 Qa5 9. O-O Nf6 10. h3 Bh5 11. Be3 Be7 12. a3 O-O 13. b4 Qd8 14. Qb3 Rc8 15. Rfd1 a6 16. Rd2 Nd5 17. Nxd5 Qxd5 18. Qxd5 exd5 19. g4 Bg6 20. Ne5 Bf6 21. f4 Be4 22. Kf2 Rc7 23.
Bf3 Bxf3 24. Kxf3 Rfc8 25. Re1 Na7 26. a4 Rc3 27. g5 Be7 28. Nd3 Bd6 29. Kf2 Re8 30.
Rdd1 Nc6 31. b5 Ne7 32. bxa6 bxa6 33. Nc5 Bxc5 34. dxc5 Nf5 35. Bd2 1-0

[Event "MČR v bleskovém šachu družstev 2019"]
[Site "Teplice, Czech Republic"]
[Date "2019.09.14"]
[Round "10.27"]
[White "Kupka, Frantisek"]
[Black "Marsalek, Zdenek"]
[Result "1-0"]
[TimeControl "3 mim. + 2 s"]
[WhiteFideId "309540"]
[WhiteElo "2034"]
[BlackElo "2272"]

1. e4 d6 2. d4 Nf6 3. Bd3 e5 4. c3 d5 5. dxe5 dxe4 6. Bc2 Qxd1+ 7. Kxd1 Ng4 8. Ke2 Nxe5 9. Bxe4 Bd6 10.
Nf3 Ng6 11. Re1 O-O 12. Kf1 c6 13. Nbd2 Nd7 14. Nc4 Bc7 15. a4 Nc5 16. Bc2 Bg4 17. Nce5 Nxe5 18. Nxe5 Be6 19. Nf3 Rfe8 20.
Nd4 Bc4+ 21. Ne2 Re7 22. Be3 Nd3 23. Bxd3 Bxd3 24. Red1 Bc4 25. Rd2 Rae8 26. Kg1 f5 27. g3 g5 28. Nd4 f4 29. Ne2 1-0

[Event "MČR v bleskovém šachu družstev 2019"]
[Site "Teplice, Czech Republic"]
[Date "2019.09.14"]
[Round "10.28"]
[White "Duran, Tomas"]
[Black "Janocko, Petr"]
[Result "0-1"]
[TimeControl "3 mim. + 2 s"]
[BlackFideId "320099"]
[WhiteElo "2135"]
[BlackElo "2067"]

1. e4 c6 2. d4 d5 3. e5 Bf5 4. Ne2 e6 5. Ng3 Bg6 6. Be2 c5 7. c3 Nc6 8. Be3 Qb6 9. Qb3 Qxb3 10. axb3 cxd4 11. cxd4 Bxb1 12. Rxb1 Bb4+ 13. Kf1 Na5 14. Bb5+ Ke7 15. Rc1 a6 16. Bd3 Kd7 17. Ke2 h5 18.
Rhd1 Ne7 19. Rc2 h4 20. Nf1 Nxb3 21. Bg5 Rac8 22. Ke3 h3 23. g4 Nc6 24. Be2 Rhf8 25. Ng3 f6 26. exf6 gxf6 27. Bf4 e5 28. dxe5 fxe5 29. Rxd5+ Ke6 30. Bc4 exf4+ 31. Ke2 fxg3 32. Bxb3 Rxf2+ 33. Kd3 Rf3+ 34. Ke4 Rxb3 35.
Rh5 g2 36. Rh6+ Kf7 37. Rf2+ Kg7 38. Rhf6 g1=Q 39. Rf7+ Kg8 40. Kf5 Qxf2+ 0-1

[Event "MČR v bleskovém šachu družstev 2019"]
[Site "Teplice, Czech Republic"]
[Date "2019.09.14"]
[Round "11.1"]
[White "Babicka, Michal"]
[Black "Kociscak, Jiri"]
[Result "0-1"]
[TimeControl "3 mim. + 2 s"]
[BlackTitle "IM"]
[BlackFideId "322121"]
[WhiteElo "2076"]
[BlackElo "2417"]

1. e4 e5 2. Nf3 Nc6 3. d4 exd4 4. Bc4 Nf6 5. e5 Ng4 6. O-O d6 7.
exd6 Bxd6 8. h3 Nge5 9. Nxe5 Nxe5 10. Bb3 O-O 11. Qxd4 Nf3+ 12. gxf3 Bh2+ 13. Kxh2 Qxd4 14. Nc3 Qh4 0-1

[Event "MČR v bleskovém šachu družstev 2019"]
[Site "Teplice, Czech Republic"]
[Date "2019.09.14"]
[Round "11.2"]
[White "Polak, Tomas"]
[Black "Mach, Petr"]
[Result "1-0"]
[TimeControl "3 mim. + 2 s"]
[WhiteTitle "GM"]
[WhiteFideId "300560"]
[WhiteElo "2510"]
[BlackElo "1961"]

1. d4 d5 2. c4 c6 3. Nc3 e6 4.
Nf3 dxc4 5. e3 b5 6. a4 Bb4 7. Bd2 Bxc3 8. Bxc3 Bb7 9. b3 cxb3 10. axb5 Qb6 11. Qxb3 cxb5 12. Bxb5+ Bc6 13.
Bxc6+ Qxc6 14. Rxa7 Nd7 15.
Rxa8+ Qxa8 16. O-O Ne7 17. Ra1 Qc6 18.
Bb4 Nd5 19. Ba3 Qc3 20. Qxc3 Nxc3 21. Bb2 1-0

[Event "MČR v bleskovém šachu družstev 2019"]
[Site "Teplice, Czech Republic"]
[Date "2019.09.14"]
[Round "11.3"]
[White "Kovar, Vojtech"]
[Black "Stocek, Jiri"]
[Result "0-1"]
[TimeControl "3 mim. + 2 s"]
[BlackTitle "GM"]
[BlackFideId "304760"]
[WhiteElo "2247"]
[BlackElo "2505"]

1. d4 Nf6 2. Nf3 c5 3.
e3 g6 4.
c4 Bg7 5. Nc3 O-O 6. Be2 cxd4 7. Nxd4 d5 8. O-O dxc4 9. Bxc4 Nbd7 10. Be2 a6 11. Bf3 Ne5 12. b3 Nxf3+ 13. Qxf3 e5 14.
Nde2 e4 15. Qf4 0-1